 Dungeon Crawl Stone Soup version 0.30-a0-723-gc1506a1cf0 (webtiles) character file.

Game seed: 5696050986916121979

2338 purpskrrrp the Skirmisher (level 9, 0/59 (62) HPs)
             Began as a Formicid Hunter on Jan 29, 2023.
             Slain by a wight
             ... wielding a +0 scimitar
              (6 damage)
             ... on level 6 of the Dungeon.
             The game lasted 00:14:09 (7742 turns).

purpskrrrp the Skirmisher (Formicid Hunter)         Turns: 7742, Time: 00:14:10

HP:   0/59 (62)     AC:  6    Str: 15    XL:     9   Next: 70%
MP:   8/8           EV: 12    Int: 22    God:
Gold: 270           SH:  0    Dex: 21    Spells: 8/8 levels left

rFire   . . .      SeeInvis +    a - +0 shortbow (flame)
rCold   . . .      Faith    .    (no shield)
rNeg    . . .      Spirit   .    c - +1 leather armour
rPois   .          Reflect  .    (helmet unavailable)
rElec   +          Harm     .    (no cloak)
rCorr   .          Rampage  .    l - +1 pair of gloves
Will    .....                    (no boots)
Stlth   ++++                     b - amulet of the acrobat
HPRegen 0.29/turn                y - +6 ring of intelligence
MPRegen 0.11/turn                z - +6 ring of intelligence

@: lightly drained
A: permanent stasis, dig shafts and tunnels, antennae 3, four strong arms, low
MP 1, electricity resistance
a: Dig, Shaft Self


You were on level 6 of the Dungeon.
You visited 1 branch of the dungeon, and saw 6 of its levels.

You collected 270 gold pieces.

Inventory:

Hand Weapons
 a - a +0 shortbow of flaming (weapon)
Missiles
 g - 18 poisoned darts
 p - 25 boomerangs
 u - 2 curare-tipped darts
Armour
 c - a +1 leather armour (worn)
 e - a +0 chain mail
 l - a +1 pair of gloves (worn)
Jewellery
 b - an amulet of the acrobat (around neck)
 f - a +5 ring of evasion
 h - an amulet of magic regeneration
 y - a +6 ring of intelligence (left hand)
 z - a +6 ring of intelligence (right hand)
Wands
 j - a wand of light (19)
 q - a wand of paralysis (8)
 s - a wand of mindburst (14)
 x - a wand of flame (15)
Scrolls
 m - a scroll of magic mapping
 r - a scroll of fog
 v - 4 scrolls of identify
Potions
 d - 4 potions of might
 i - a potion of cancellation {unknown}
 k - 3 potions of flight
 n - 2 potions of mutation
 o - a potion of haste
 t - a potion of brilliance


   Skills:
 - Level 2.4 Fighting
 * Level 10.6 Ranged Weapons
 + Level 1.9 Armour
 - Level 2.0 Dodging
 + Level 9.2 Stealth


You had 8 spell levels left.
You didn't know any spells.
Your spell library contained the following spells:

 Spells                   Type           Power      Damage    Failure   Level
 Kiss of Death            Conj/Necr      0%         2d5       21%         1
 Confusing Touch          Hex            0%         N/A       52%         3
 Ignite Poison            Fire/Tmut/Pois 0%         N/A       52%         3
 Kindle Blastsparks       Fire/Tloc/Air  0%         2d10      52%         3
 Dispel Undead            Necr           0%         3d6       90%         4
 Freezing Cloud           Conj/Ice/Air   0%         6-21      99%         5


Dungeon Overview and Level Annotations

Branches:
Dungeon (6/15)
 Temple: D:4-7

Altars:
Kikubaaqudgha
Trog

Shops:
D:1 =   D:5 :

Annotations:
D:6 1 runed translucent door, Darius099's ghost, novice GrFi


Innate Abilities, Weirdness & Mutations

You cannot be hasted, slowed, berserked, paralysed or teleported.
You can dig through walls and to a lower floor.
You have a pair of large antennae on your head. (SInv)
Your four strong arms can wield two-handed weapons with a shield.
Your magical capacity is low. (-10% MP)
You are resistant to electric shocks. (rElec)


Message History

You are too injured to fight recklessly!
You are too injured to fight recklessly!
You are too injured to fight recklessly!
You are too injured to fight recklessly!
You are too injured to fight recklessly!
You are too injured to fight recklessly!
You are too injured to fight recklessly!
You are too injured to fight recklessly!
You are too injured to fight recklessly!
You are too injured to fight recklessly!
You are too injured to fight recklessly!
You are too injured to fight recklessly!
You are too injured to fight recklessly!
You are too injured to fight recklessly!
You are too injured to fight recklessly!
Fire: a) +0 shortbow (flame)
Press: ? - help, Shift-Dir - straight line, f/p - wight
Aim: a wight, wielding a +0 scimitar and wearing a +0 robe (severely damaged, 68% to hit)
You shoot an arrow. The arrow barely misses the wight.
The wight hits you with a +0 scimitar.
You feel drained.
Fire: a) +0 shortbow (flame)
Press: ? - help, Shift-Dir - straight line, f/p - wight
Aim: a wight, wielding a +0 scimitar and wearing a +0 robe (severely damaged, 68% to hit)
You shoot an arrow. The arrow barely misses the wight.
The wight hits you with a +0 scimitar!
* * * LOW HITPOINT WARNING * * *
Fire: a) +0 shortbow (flame)
Press: ? - help, Shift-Dir - straight line, f/p - wight
Aim: a wight, wielding a +0 scimitar and wearing a +0 robe (severely damaged, 68% to hit)
You shoot an arrow. The arrow barely misses the wight.
The wight hits you with a +0 scimitar!
* * * LOW HITPOINT WARNING * * *
Fire: a) +0 shortbow (flame)
Press: ? - help, Shift-Dir - straight line, f/p - wight
Aim: a wight, wielding a +0 scimitar and wearing a +0 robe (severely damaged, 68% to hit)
You shoot an arrow.
The arrow hits the wight but does no damage.
The wight is severely damaged.
The wight hits you with a +0 scimitar.
You die...

..##.##ยง#
#....#
..##.##.#######
#.##.#
z.##.##.......#
#.##.#
..##.########[#
#.##.# #.##.#
#.# ##.##.#
#.##.#
##.####...#.#
#.##.#
#...........#
#.#
#.#.###...###
.# ...#..@##.##
.#
...#####z##.#
#.# ###. ..##.#
..# # .####.#
### ). #.# #.#
## #.# #.# #.#
#.# #.# #.# #.#


You could see a wight.

Vanquished Creatures
  Sigmund (D:4)
  Eustachio (D:4)
  5 yaks
  An ogre (D:5)
  A phantom (D:4)
  A kobold brigand (D:6)
  2 bullfrogs (D:6)
  A necrophage (D:6)
  A scorpion (D:5)
  9 wights
  2 howler monkeys
  An orc priest (D:6)
  A hound (D:5)
  2 iguanas (D:6)
  Ijyb (D:4)
  2 orc wizards (D:6)
  3 adders
  A shadow imp (D:5)
  A white imp (D:6)
  2 ufetubi
  3 worms
  A dart slug (D:5)
  20 orcs
  3 endoplasms
  2 giant cockroaches
  4 goblins
  6 hobgoblins
  12 kobolds
  6 ball pythons
  7 bats
  3 rats
  A bush (D:3)
107 creatures vanquished.

Vanquished Creatures (others)
  2 fungi (D:3)
  10 plants (D:3)
  2 withered plants (D:4)
14 creatures vanquished.

Grand Total: 121 creatures vanquished

Notes
Turn   | Place    | Note
-------+----------+-------------------------------------------
     0 | D:1      | purpskrrrp the Formicid Hunter began the quest for the Orb.
     0 | D:1      | Reached XP level 1. HP: 16/16 MP: 1/1
   218 | D:1      | Found Faxamod's Jewellery Shoppe.
   238 | D:1      | Reached XP level 2. HP: 23/23 MP: 2/2
  1110 | D:2      | Reached XP level 3. HP: 28/28 MP: 3/3
  1680 | D:3      | Found a faded altar of an unknown god.
  1987 | D:3      | Reached XP level 4. HP: 34/34 MP: 4/4
  3026 | D:4      | Reached skill level 5 in Ranged Weapons
  3065 | D:4      | Reached XP level 5. HP: 38/39 MP: 5/5
  3098 | D:4      | Noticed Ijyb
  3109 | D:4      | Killed Ijyb
  3225 | D:4      | Found an ancient bone altar of Kikubaaqudgha.
  3250 | D:4      | Noticed Eustachio
  3267 | D:4      | Killed Eustachio
  3268 | D:4      | Reached skill level 6 in Ranged Weapons
  3268 | D:4      | Reached XP level 6. HP: 45/46 MP: 6/6
  3597 | D:4      | Noticed Sigmund
  3604 | D:4      | Killed Sigmund
  3605 | D:4      | Reached skill level 7 in Ranged Weapons
  3605 | D:4      | Reached skill level 5 in Stealth
  3605 | D:4      | Reached XP level 7. HP: 28/51 MP: 7/7
  3757 | D:4      | Gained mutation: You are resistant to electric shocks.
                  | (rElec) [potion of mutation]
  3757 | D:4      | Gained mutation: Your magical capacity is low. (-10% MP)
                  | [potion of mutation]
  3950 | D:5      | Entered Level 5 of the Dungeon
  4016 | D:5      | Noticed a yak
  4016 | D:5      | Noticed a yak
  4017 | D:5      | Noticed a yak
  4017 | D:5      | Noticed a yak
  4047 | D:4      | Killed a yak
  4475 | D:5      | Reached XP level 8. HP: 17/57 MP: 7/7
  4850 | D:5      | Noticed a yak
  4864 | D:5      | Reached skill level 8 in Ranged Weapons
  5009 | D:5      | Killed a yak
  5059 | D:5      | Found a bloodstained altar of Trog.
  5101 | D:5      | Killed a yak
  5121 | D:5      | Killed a yak
  5122 | D:5      | Reached skill level 9 in Ranged Weapons
  5125 | D:5      | HP: 2/57 [yak (4)]
  5139 | D:5      | Killed a yak
  5140 | D:5      | Reached XP level 9. HP: 9/62 MP: 8/8
  5686 | D:5      | Found Pycir's Book Shop.
  5718 | D:5      | Identified the +0 dagger "Leviticus" {speed, Contam rElec
                  | rCorr MP+9 Str-3}
  6536 | D:6      | Reached skill level 10 in Ranged Weapons
  7422 | D:6      | Found a runed translucent door.
  7422 | D:6      | Noticed Darius099's ghost (novice GrFi)
  7440 | D:6      | Reached skill level 1 in Armour
  7742 | D:6      | Slain by a wight

Illustrated notes

Levels and vault maps discovered:
D:1:      saegor_arrival_simple_e, layout_basic, serial_shops, shop
D:2:      layout_basic
D:3:      layout_basic, serial_forest, infiniplex_forest_straight_5,
          infiniplex_forest_corner_1, infiniplex_forest_end_2,
          infiniplex_forest_clump_diagonal, infiniplex_forest_lined_room_3,
          infiniplex_forest_clump_small, infiniplex_forest_clump_medium,
          infiniplex_forest_straight_5, infiniplex_forest_end_double,
          infiniplex_forest_lined_corner,
          shapermc_ecumenical_altar_mp_ritualfount
D:4:      cheibrodos_old_hovel, layout_gridville, kiku_gazebo_garden_becter,
          grunt_ministairs_9, uniq_ijyb, uniq_robin, uniq_sigmund,
          uniq_eustachio
D:5:      layout_cave_pools, nicolae_overflow_crystal_walls,
          supply_closet_lemuel, minmay_shop_grid_forest
D:6:      layout_loops_ring, gammafunk_ghost_grave

Skill      XL: |  1  2  3  4  5  6  7  8  9 |
---------------+----------------------------+-----
Dodging        | 2 |  2.0
Stealth        | 2 3 4 5 6 7 9 |  9.2
Ranged Weapons | 5 6 7 9 10 | 10.6
Armour         | 1 |  1.9
Fighting       | |  2.4

Action                     |  1- 3 |  4- 6 |  7- 9 || total
---------------------------+-------+-------+-------++-------
   Fire: Shortbow          |    73 |   136 |   240 ||   449
Ability: Dig               |     1 |       |     1 ||     2
    Use: Scroll            |     4 |     6 |     6 ||    16
         Potion            |       |       |     8 ||     8
 Armour: Leather armour    |     9 |     8 |    31 ||    48
         Skin              |       |       |     1 ||     1
  Dodge: Dodged            |    10 |    18 |   100 ||   128

Table legend: (Time is in decaauts)
 A = Elapsed time spent in this place.
 B = Non-inter-level travel time spent in this place.
 C = Inter-level travel time spent in this place.
 D = Time resting spent in this place.
 E = Time spent auto-exploring this place.
 F = Levels seen in this place.
 G = Mean time per level.
                   A        B        C        D        E       F      G
               +--------+--------+--------+--------+--------+-----+--------+
         Total |   7824 |   7438 |    386 |   2583 |   3797 |   6 | 1304.0 |
       Dungeon |   7824 |   7438 |    386 |   2583 |   3797 |   6 | 1304.0 |
               +--------+--------+--------+--------+--------+-----+--------+

Top non-repeatable levels by time:
     D:5: 2163 daAuts
     D:6: 1253 daAuts
     D:3: 1229 daAuts
     D:4: 1216 daAuts
     D:2: 1126 daAuts
     D:1: 835 daAuts
